 Dungeon Crawl Stone Soup version 0.31-a0-1-g4198be8 (webtiles) character file.

Game seed: 7079875060477680505

62 Nithhogg the Trooper (level 4, -10/41 HPs)
             Began as a Hill Orc Fighter on May 1, 2023.
             Mangled by an ice beast (14 damage)
             ... on level 3 of the Dungeon.
             The game lasted 00:02:18 (1745 turns).

Nithhogg the Trooper (Hill Orc Fighter)             Turns: 1745, Time: 00:02:18

Health: -10/41     AC:  7    Str: 20    XL:     4   Next: 8%
Magic:  4/4        EV:  9    Int:  8    God:
Gold:   106        SH:  0    Dex: 10    Spells: 3/3 levels left

rFire   . . .        l - +3 trident
rCold   . . .        (no shield)
rNeg    . . .        b - +0 scale mail
rPois   .            (no helmet)
rElec   .            (no cloak)
rCorr   .            (no gloves)
SInv    +            (no boots)
Will    .....        (no amulet) Stlth
                     (no ring)
HPRegen 0.26/turn    (no ring)
MPRegen 0.09/turn

%: no passive effects
@: no status effects
A: hooves 1, see invisible, low MP 1, evolution 1
a: no special abilities


You were on level 3 of the Dungeon.
You visited 1 branch of the dungeon, and saw 3 of its levels.

You collected 106 gold pieces.

Inventory:

Hand Weapons
 a - a +0 war axe
 l - a +3 trident (weapon)
Armour
 b - a +0 scale mail (worn)
 c - a +0 buckler
Jewellery
 m - a ring of positive energy
Scrolls
 f - a scroll of enchant armour {unknown}
 g - 2 scrolls of identify {unknown}
 h - a scroll of enchant weapon {unknown}
 k - 2 scrolls of immolation {unknown}
 n - a scroll of silence {unknown}
 o - 3 scrolls of vulnerability {unknown}
Potions
 d - 2 potions of might
 i - a potion of cancellation
 j - a potion of lignification {unknown}
 p - a potion of attraction {unknown}
 q - a potion of degeneration {unknown}
 r - a potion of magic {unknown}


   Skills:
 + Level 4.3 Fighting
 + Level 3.5 Axes
 + Level 3.9 Armour
 - Level 3.2 Shields
 + Level 2.0 Invocations


You had 3 spell levels left.
You didn't know any spells.
Your spell library contained the following spells:

 Spells                   Type           Power      Damage    Failure   Level
 Blink                    Tloc           0%         N/A       88%         2
 Ensorcelled Hibernation  Hex/Ice        0%         N/A       88%         2
 Passwall                 Tmut/Erth      0%         N/A       88%         2
 Swiftness                Air            0%         N/A       98%         3
 Manifold Assault         Tloc           0%         N/A       100%        4
 Storm Form               Tmut/Air       0%         N/A       100%        7


Dungeon Overview and Level Annotations

Branches:
Dungeon (3/15)

Altars:


Innate Abilities, Weirdness & Mutations

You have large cloven feet.
You have supernaturally acute eyesight. (SInv)
Your magical capacity is low. (-10% MP)
You have hidden genetic potential.


Message History

A bat is nearby!
The bat barely misses you.
You hit the bat but do no damage. The bat closely misses you.
The bat hits you but does no damage.
You barely miss the bat. The bat barely misses you. The bat closely misses you.
You reach to attack!
You puncture the bat!
You kill the bat!
No target in view!
No target in view!
No target in view!
An ice beast comes into view.
An ice beast is nearby!
You reach to attack!
You hit the ice beast.
The ice beast is lightly wounded.
You barely miss the ice beast.
The ice beast is lightly wounded.
The ice beast misses you.
You hit the ice beast.
The ice beast is moderately wounded.
The ice beast hits you but does no damage.
You closely miss the ice beast.
The ice beast is moderately wounded.
The ice beast hits you. The ice beast freezes you!
You closely miss the ice beast.
The ice beast is moderately wounded.
The ice beast hits you. The ice beast freezes you! The ice beast hits you.
* * * LOW HITPOINT WARNING * * *
The ice beast freezes you!
* * * LOW HITPOINT WARNING * * *
You are too injured to fight recklessly!
It was a potion of mutation.
You feel extremely strange.
Your vision sharpens.
You feel a hidden potential growing inside you.
You feel less energetic.
Your feet thicken and deform.
The ice beast barely misses you.
It was a potion of cancellation.
You feel magically purged. The ice beast hits you.
* * * LOW HITPOINT WARNING * * *
The ice beast freezes you!
You die...

#.# #... #.# #### #.#
# ..# # . ...##
......######
#..Y@...# #######.#
#.# #.# #######.#####
#...........#
#..########.## # #
##.#.## ##
#..######.###.######.


You could see an ice beast.

Vanquished Creatures
  An adder (D:2)
  3 dart slugs
  5 bats
  4 endoplasms
  A giant cockroach (D:1)
  4 goblins
  3 hobgoblins
  3 jackals (D:2)
  3 kobolds
  4 quokkas (D:1)
  5 ball pythons
  4 frilled lizards
  4 rats
44 creatures vanquished.

Notes
Turn   | Place    | Note
-------+----------+-------------------------------------------
     0 | D:1      | Nithhogg the Hill Orc Fighter began the quest for the Orb.
     0 | D:1      | Reached XP level 1. HP: 19/19 MP: 1/1
   127 | D:1      | Reached skill level 1 in Invocations
   127 | D:1      | Reached XP level 2. HP: 20/27 MP: 2/2
   446 | D:1      | Reached skill level 4 in Fighting
   452 | D:1      | Reached XP level 3. HP: 11/33 MP: 2/4
   559 | D:1      | Found a faded altar of an unknown god.
  1587 | D:3      | Reached XP level 4. HP: 41/41 MP: 5/5
  1736 | D:3      | Noticed an ice beast
  1744 | D:3      | Gained mutation: You have supernaturally acute eyesight.
                  | (SInv) [potion of mutation]
  1744 | D:3      | Gained mutation: You have hidden genetic potential. [potion
                  | of mutation]
  1744 | D:3      | Gained mutation: Your magical capacity is low. (-10% MP)
                  | [potion of mutation]
  1744 | D:3      | Gained mutation: You have large cloven feet. [potion of
                  | mutation]
  1745 | D:3      | Mangled by an ice beast

Illustrated notes

Levels and vault maps discovered:
D:1:      dpeg_arrival_rooms_a, layout_basic,
          shapermc_ecumenical_altar_mp_ritualfount
D:2:      layout_basic
D:3:      layout_loops_ring, mainiacjoe_overflow_catwalk,
          hangedman_abyss_or_decor_lesser_grid, grunt_ministairs_3

Skill      XL: |  1  2  3 |
---------------+----------+-----
Axes           | 3 |  3.5
Invocations    | 1 2 |  2.0
Fighting       | 4 |  4.3
Armour         | |  3.9
Shields        | |  3.2

Action                     |  1- 3 |  4- 6 || total
---------------------------+-------+-------++-------
  Melee: War axe           |    88 |       ||    88
         Trident           |    14 |    12 ||    26
    Use: Potion            |       |     2 ||     2
 Armour: Scale mail        |    59 |     3 ||    62
  Dodge: Dodged            |    50 |     6 ||    56

Table legend: (Time is in decaauts)
 A = Elapsed time spent in this place.
 B = Non-inter-level travel time spent in this place.
 C = Inter-level travel time spent in this place.
 D = Time resting spent in this place.
 E = Time spent auto-exploring this place.
 F = Levels seen in this place.
 G = Mean time per level.
                   A        B        C        D        E       F      G
               +--------+--------+--------+--------+--------+-----+--------+
         Total |   1780 |   1721 |     59 |     74 |   1363 |   3 |  593.3 |
       Dungeon |   1780 |   1721 |     59 |     74 |   1363 |   3 |  593.3 |
               +--------+--------+--------+--------+--------+-----+--------+

Top non-repeatable levels by time:
     D:1: 938 daAuts
     D:2: 676 daAuts
     D:3: 164 daAuts
